 Dungeon Crawl Stone Soup version 0.17-a0-848-g7e5c6af (webtiles) character file.

158 namelastname112 the Twirler (level 5, -8/45 HPs)
             Began as a Draconian Gladiator on Apr 28, 2015.
             Killed from afar by an orc wizard (12 damage)
             ... with a puff of flame
             ... on level 3 of the Dungeon.
             The game lasted 00:03:30 (2143 turns).

namelastname112 the Twirler (Draconian Gladiator)   Turns: 2143, Time: 00:03:30

Health: -8/45      AC:  6    Str: 18    XL:     5   Next: 16%
Magic:  5/5        EV: 13    Int: 13    God:
Gold:   115        SH:  0    Dex: 12    Spells: 0 memorised, 4 levels left

rFire  . . .     SeeInvis .     a - +0 quarterstaff
rCold  . . .     Clarity  .     (armour unavailable)
rNeg   . . .     SustAb   .     (no shield)
rPois  +         Gourm    .     b - +0 hat
rElec  .         Spirit   .     (no cloak)
rCorr  .         Warding  .     (no gloves)
rMut   .         Stasis   .     n - +0 pair of boots
MR     .....                    (no amulet)
Stlth  +.........               (no ring)
                                l - ring of poison resistance

@: brilliant, not resistant to hostile enchantments, very unstealthy
A: unfitting armour, antennae 1, cold-blooded, AC +5
a: no special abilities


You were on level 3 of the Dungeon.
You were very hungry.

You visited 1 branch of the dungeon, and saw 3 of its levels.

You collected 115 gold pieces.

Inventory:

Hand weapons
 a - a +0 quarterstaff (weapon)
Missiles
 c - 3 throwing nets (quivered)
Armour
 b - a +0 hat (worn)
 n - a +0 pair of boots (worn)
Jewellery
 l - a ring of poison resistance (left hand)
Scrolls
 g - 3 scrolls of magic mapping {unknown}
 h - 2 scrolls of identify {unknown}
 j - a scroll of recharging {unknown}
 k - a scroll of enchant weapon {unknown}
 m - a scroll of random uselessness {unknown}
 o - a scroll of teleportation {unknown}
 p - a scroll of immolation {unknown}
 s - a scroll of remove curse {unknown}
Potions
 r - a potion of mutation {unknown}
Comestibles
 d - 4 bread rations
 f - 2 fruits
 i - a beef jerky


   Skills:
 + Level 3.3 Fighting
 * Level 4.4 Staves
 - Level 1.7 Throwing
 + Level 3.8 Dodging


You had 4 spell levels left.
You didn't know any spells.

Dungeon Overview and Level Annotations

Branches:
Dungeon (3/15)

Altars:
Ru
The Shining One


Innate Abilities, Weirdness & Mutations

Your plain brown scales are hard (AC +5).
Your body does not fit into most forms of armour.
You are cold-blooded and may be slowed by cold attacks.
You have a pair of small antennae on your head.


Message History

The puff of frost hits you!
* * * LOW HITPOINT WARNING * * *
The giant cockroach misses you.
The orc wizard hits you but does no damage.
Drink which item? (? for menu, Esc to quit)
It was a potion of beneficial mutation.
A pair of antennae grows on your head!
You feel fantastic!
You are feeling very hungry.
The orc wizard closely misses you. The giant cockroach barely misses you.
The giant cockroach bites you but does no damage.
The orc wizard points at you and mumbles some strange words.
The puff of frost hits you!
* * * LOW HITPOINT WARNING * * *
Drink which item? (? for menu, Esc to quit)
It was a potion of brilliance.
You feel clever all of a sudden. The orc wizard casts a spell at you.
The puff of flame hits you!
You die...

......##....#.........[#
...#..$.............)..#
............#..........#
....#####..###o........#
.....# ##..#..og#......#
.###...#.......s########
## ##.........#########
#####.........g##........
.<.......$...goo@........
##[...........o##s.......
##.####........# .......
.).# #........ ......!
...#####......## .......
....(........# ......
#.######.##.## ..... #...
# . .... .....# #


You could see an orc wizard, 2 orcs, a giant cockroach and 2 goblins.

Vanquished Creatures
  An orc wizard (D:2)
  2 orc priests
  3 adders
  A worm (D:2)
  2 giant geckos
  4 orcs (D:3)
  A ball python (D:1)
  2 giant cockroaches
  A goblin (D:3)
  5 hobgoblins
  2 jackals (D:3)
  8 bats
  6 giant newts
  6 kobolds
  A quokka (D:2)
  3 rats
48 creatures vanquished.

Vanquished Creatures (others)
  A goblin (D:1)
1 creature vanquished.

Grand Total: 49 creatures vanquished

Notes
Turn   | Place    | Note
--------------------------------------------------------------
     0 | D:1      | namelastname112, the Draconian Gladiator, began the quest for the Orb.
     0 | D:1      | Reached XP level 1. HP: 17/17 MP: 1/1
   591 | D:1      | Reached XP level 2. HP: 23/25 MP: 2/2
  1514 | D:2      | Found a glowing golden altar of the Shining One.
  1515 | D:2      | Found a sacrificial altar of Ru.
  1612 | D:2      | Reached XP level 3. HP: 22/30 MP: 3/3
  1631 | D:2      | Reached skill level 4 in Staves
  1744 | D:3      | Reached XP level 4. HP: 29/37 MP: 4/4
  2010 | D:3      | Reached XP level 5. HP: 40/45 MP: 5/5
  2142 | D:3      | Gained mutation: You have a pair of small antennae on your head. [potion of beneficial mutation]
  2143 | D:3      | Killed from afar by an orc wizard

Action                   |  1- 3 |  4- 6 || total
-------------------------+-------+-------++-------
Melee: Quarterstaff      |    82 |    70 ||   152
  Use: Potion            |       |     2 ||     2
  Eat: Chunk             |     3 |       ||     3
